 Dungeon Crawl Stone Soup version 0.28-a0-167-g7eff39e849 (webtiles) character file.

Game seed: 12197931454727056557

135 Nattfarinn the Magician (level 5, -7/35 HPs)
             Began as a Djinni Venom Mage on Aug 16, 2021.
             Mangled by Duvessa (11 damage)
             ... on level 4 of the Dungeon.
             The game lasted 00:04:05 (3646 turns).

Nattfarinn the Magician (Djinni Venom Mage)         Turns: 3646, Time: 00:04:05

Health: -7/35      AC:  2    Str:  7    XL:     5   Next: 42%
Gold:   30         EV: 12    Int: 18    God:
                   SH:  0    Dex: 13

rFire   + + .      SeeInvis .   b - +1 dagger (elec)
rCold   x . .      Faith    .   (no shield)
rNeg    . . .      Spirit   .   a - +0 robe
rPois   ∞          Reflect  .   (no helmet)
rElec   .          Harm     .   (no cloak)
rCorr   .          Rampage  .   (no gloves)
Will    .....                   (boots unavailable)
Stlth   ++........              (no amulet)
HPRegen 0.11/turn               (no ring)
MPRegen 0.00/turn               (no ring)

@: flying, very slightly contaminated
A: sickness immunity, fire resistance 2, cold vulnerability 1, float, innate
caster, hp casting, extra vitality 1
a: no special abilities


You were on level 4 of the Dungeon.
You visited 1 branch of the dungeon, and saw 4 of its levels.

You collected 85 gold pieces.
You spent 55 gold pieces at shops.

Inventory:

Hand Weapons
 b - a +1 dagger of electrocution (weapon)
Armour
 a - a +0 robe (worn)
Magical Staves
 n - a staff of earth
Scrolls
 c - a scroll of amnesia {unknown}
 d - 4 scrolls of identify {unknown}
 f - 4 scrolls of noise {unknown}
 h - a scroll of brand weapon {unknown}
 j - a scroll of enchant weapon {unknown}
 k - a scroll of magic mapping {unknown}
 l - 4 scrolls of blinking {unknown}
 q - a scroll of fog {unknown}
 r - a scroll of silence {unknown}
Potions
 e - a potion of resistance {unknown}
 g - 2 potions of cancellation {unknown}
 i - 2 potions of curing {unknown}
 m - a potion of heal wounds
 o - 2 potions of brilliance {unknown}
 p - a potion of magic {unknown}


   Skills:
 - Level 2.1 Dodging
 - Level 1.5 Stealth
 + Level 4.4 Spellcasting


You couldn't memorise any spells.
You knew the following spells:

 Your Spells              Type           Power      Damage    Failure   Level
a - Sting                 Tmut/Pois      80%        1d7       2%          1
b - Poisonous Vapours     Pois/Air       40%        N/A       3%          2
c - Mephitic Cloud        Conj/Pois/Air  20%        N/A       7%          3
d - Olgreb's Toxic Radia  Pois           20%        N/A       22%         4
e - Shock                 Conj/Air       80%        1d8       2%          1
f - Call Imp              Summ           20%        N/A       3%          2
Your spell library was empty.

Dungeon Overview and Level Annotations

Branches:
Dungeon (4/15)
 Temple: D:4-7

Altars:

Shops:
D:1 :   D:3 *

Annotations:
D:4 Duvessa


Innate Abilities, Weirdness & Mutations

You are immune to sickness and miasma.
You are immune to poison.
Your flesh is very heat resistant. (rF++)
You are vulnerable to cold. (rC-)
You float through the air rather than walking.
You learn spells naturally, not from books.
Your magical power is your life essence.
You have superior vitality. (+4 HP)


Message History

You feel rather nauseous for a moment. You resist.
Casting: Olgreb's Toxic Radiance (extremely dangerous; 26% risk of failure)
Confirm with . or Enter, or press ? or * to list all spells.
The spell is extremely dangerous to cast (26% risk of failure)!
Continue anyway?
You begin to radiate toxic energy.
Dowan looks even sicker.
Duvessa looks as sick as possible!
Dowan looks as sick as possible!
Unknown command.
Unknown command.
You kill Dowan!
Duvessa screams in rage.
Duvessa goes berserk!
Your toxic aura wanes.
You have reached level 5!
The power to cast Call Imp wells up from within.
Spell assigned to 'f'.
Casting: Olgreb's Toxic Radiance (extremely dangerous; 22% risk of failure)
Confirm with . or Enter, or press ? or * to list all spells.
A beastly little devil appears in a puff of flame.
Duvessa hits you with a +0 short sword!
* * * LOW HITPOINT WARNING * * *
You hear the slow hiss of a very distant avalanche of sand.
You swap places.
Duvessa closely misses your crimson imp.
Duvessa hits your crimson imp with a +0 short sword.
Your crimson imp closely misses Duvessa.
Duvessa hits your crimson imp with a +0 short sword.
Your crimson imp blinks!
Casting: Call Imp (safe; 3% risk of failure)
Confirm with . or Enter, or press ? or * to list all spells.
A shadowy apparition takes form in the air.
* * * LOW HITPOINT WARNING * * *
Duvessa rages. x2
Duvessa barely misses you.
Your shadow imp hits Duvessa.
You barely miss Duvessa.
Duvessa is severely wounded.
Duvessa hits you with a +0 short sword.
* * * LOW HITPOINT WARNING * * *
Your shadow imp barely misses Duvessa.
Duvessa hits you with a +0 short sword!
You die...

##.#.#.#
#>....5#
##.....#
##....#
##...#.# #
#[.#.#.#.###.#
##....#.#......
#..####e5......
##
#..####@#......
##.
#....##.#....##
#..##..#....#
####
...........#
#...........#
#.#.........# #
#........##
#<.......#
#........#


You could see Duvessa (berserk, very poisoned, ally target), a friendly crimson
imp (summoned) and a friendly shadow imp (summoned).

Vanquished Creatures
  Dowan (D:4)
  2 adders (D:3)
  3 worms
  2 dart slugs
  2 bats (D:1)
  5 endoplasms
  A giant cockroach (D:1)
  9 goblins
  6 hobgoblins
  5 jackals (D:2)
  3 quokkas
  7 ball pythons
  2 frilled lizards (D:3)
  2 kobolds
  2 rats
52 creatures vanquished.

Notes
Turn   | Place    | Note
-------+----------+-------------------------------------------
     0 | D:1      | Nattfarinn the Djinni Venom Mage began the quest for the
                  | Orb.
     0 | D:1      | Reached XP level 1. HP: 15/15 MP: 0/0
   272 | D:1      | Reached XP level 2. HP: 17/21 MP: 0/0
   530 | D:1      | Reached skill level 3 in Spellcasting
   539 | D:1      | Found Onoefaq's Book Shoppe.
   787 | D:1      | Reached XP level 3. HP: 21/25 MP: 0/0
   787 | D:1      | Learned a level 1 spell: Shock
   980 | D:1      | Found a faded altar of an unknown god.
  2109 | D:2      | Reached XP level 4. HP: 28/31 MP: 0/0
  3179 | D:3      | Found Tadghecsi's General Store.
  3187 | D:3      | Bought a potion of heal wounds for 55 gold pieces
  3239 | D:3      | Reached skill level 4 in Spellcasting
  3498 | D:4      | Noticed Duvessa
  3498 | D:4      | Noticed Dowan
  3638 | D:4      | Killed Dowan
  3639 | D:4      | Reached XP level 5. HP: 26/35 MP: 0/0
  3639 | D:4      | Learned a level 2 spell: Call Imp
  3646 | D:4      | Mangled by Duvessa

Illustrated notes

Levels and vault maps discovered:
D:1:      minmay_arrival_plants_in_alcoves, layout_basic, serial_shops, shop,
          hellmonk_ecumenical_altar_inner_sanctum, minmay_misc_feat_x
D:2:      layout_rooms
D:3:      layout_loops_ring, serial_shops, shop
D:4:      minmay_recursive_quarters, layout_rooms, kennysheep_orc_sif_temple,
          enter_ossuary_2, minmay_misc_feat_encased, uniq_duvessa

Skill      XL: |  1  2  3  4 |
---------------+-------------+-----
Spellcasting   | 3 4 |  4.4
Dodging        | |  2.1
Stealth        | |  1.5

Action                   |  1- 3 |  4- 6 || total
-------------------------+-------+-------++-------
Melee: Dagger            |     7 |     1 ||     8
 Cast: Sting             |    40 |       ||    40
       Shock             |    34 |    46 ||    80
       Mephitic Cloud    |     3 |       ||     3
       Olgreb's Toxic Ra |       |     3 ||     3
       Call Imp          |       |     2 ||     2
  Use: Potion            |       |     1 ||     1
Armor: Robe              |     5 |     3 ||     8
Dodge: Dodged            |    23 |     3 ||    26

Table legend: (Time is in decaauts)
 A = Elapsed time spent in this place.
 B = Non-inter-level travel time spent in this place.
 C = Inter-level travel time spent in this place.
 D = Time resting spent in this place.
 E = Time spent auto-exploring this place.
 F = Levels seen in this place.
 G = Mean time per level.
                   A        B        C        D        E       F      G
               +--------+--------+--------+--------+--------+-----+--------+
         Total |   3646 |   3454 |    192 |    424 |   2743 |   4 |  911.5 |
       Dungeon |   3646 |   3454 |    192 |    424 |   2743 |   4 |  911.5 |
               +--------+--------+--------+--------+--------+-----+--------+

Top non-repeatable levels by time:
     D:1: 1552 daAuts
     D:2: 1058 daAuts
     D:3: 978 daAuts
     D:4: 58 daAuts
